 Dungeon Crawl Stone Soup version 0.31.0-32-g396128a36d (webtiles) character file.

Game seed: 125247036054495021

395 Fairytaker the Shield-Bearer (level 6, -4/39 HPs)
             Began as a Gargoyle Fighter on Apr 19, 2024.
             Killed by divine providence
             ... invoked by an orc priest
              (16 damage)
             ... on level 4 of the Dungeon.
             The game lasted 00:06:32 (2956 turns).

Fairytaker the Shield-Bearer (Gargoyle Fighter)     Turns: 2956, Time: 00:06:32

Health: -4/39      AC: 14    Str: 22    XL:     6   Next: 82%
Magic:  6/6        EV:  9    Int:  8    God:
Gold:   211        SH:  4    Dex:  9    Spells: 5/5 levels left

rFire   . . .        a - +0 war axe
rCold   . . .        c - +0 buckler
rNeg    + . .        b - +0 scale mail
rPois   ∞            o - +0 helmet
rElec   +            r - +0 cloak
rCorr   .            (no gloves)
SInv    .            (no boots)
Will    .....        g - amulet of magic regeneration Stlth
                     (no ring)
HPRegen 0.26/turn    (no ring)
MPRegen 0.50/turn

%: no passive effects
@: no status effects
A: sickness immunity, AC +4, negative energy resistance 1, electricity
resistance, torment resistance 1, petrification resistance
a: no special abilities


You were on level 4 of the Dungeon.
You visited 1 branch of the dungeon, and saw 4 of its levels.

You collected 211 gold pieces.

Inventory:

Hand Weapons
 a - a +0 war axe (weapon)
Missiles
 e - 2 poisoned darts (quivered)
Armour
 b - a +0 scale mail (worn)
 c - a +0 buckler (worn)
 o - a +0 helmet (worn)
 r - a +0 cloak (worn)
 t - a +0 plate armour
Jewellery
 g - an amulet of magic regeneration (around neck)
Wands
 d - a wand of polymorph (11)
 n - a wand of flame (32)
 p - a wand of paralysis (7)
Scrolls
 f - 2 scrolls of teleportation {unknown}
 h - a scroll of fog {unknown}
 i - 2 scrolls of identify {unknown}
 j - 2 scrolls of noise {unknown}
Potions
 k - a potion of degeneration {unknown}
 l - a potion of resistance {unknown}
 m - 2 potions of brilliance {unknown}
 q - a potion of curing {unknown}
 s - a potion of enlightenment {unknown}


   Skills:
 + Level 4.6 Fighting
 * Level 4.2 Axes
 + Level 4.6 Armour
 + Level 4.6 Shields


You had 5 spell levels left.
You didn't know any spells.
Your spell library contained the following spells:

 Spells                   Type           Power      Damage    Failure   Level
 Foxfire                  Conj/Fire      0%         2x1d4     78%         1
 Animate Armour           Summ/Erth      0%         N/A       100%        4
 Cause Fear               Hex            0%         N/A       100%        4
 Summon Lightning Spire   Summ/Air       0%         N/A       100%        4
 Fireball                 Conj/Fire      0%         3d3       100%        5
 Lee's Rapid Deconstruct  Erth           0%         3d4*      100%        5
 Plasma Beam              Fire/Air       0%         2x1d10    100%        6
 Starburst                Conj/Fire      0%         6d3       100%        6
 Dragon's Call            Summ           0%         N/A       100%        9


Dungeon Overview and Level Annotations

Branches:
Dungeon (4/15)
 Temple: D:4-7

Altars:
Cheibriados
The Shining One

Shops:
D:3 =


Innate Abilities, Weirdness & Mutations

You are immune to sickness and miasma.
Your stone body is resilient. (AC +4)
You are immune to poison.
You resist negative energy. (rN+)
You are resistant to electric shocks. (rElec)
You are resistant to unholy torment.
You are immune to petrification.


Message History

You block the black bear's attack.
You slash the black bear!
The black bear is moderately wounded.
The black bear bites you but does no damage.
The black bear claws you but does no damage.
You block the black bear's attack.
The orc priest invokes the aid of Beogh against you.
Beogh smites you! The black bear barely misses you. x2
The black bear closely misses you.
You closely miss the black bear.
The black bear is moderately wounded.
The black bear bites you but does no damage.
The black bear claws you but does no damage.
The black bear closely misses you.
You slash the black bear!
The black bear is almost dead.
The black bear goes berserk!
You slash the black bear!
You kill the black bear!
You slash the jackal!
You kill the jackal!
You closely miss the orc priest.
The orc priest is lightly wounded.
You hear the slow rusting of a very distant drain.
The orc priest invokes the aid of Beogh against you.
Beogh smites you!
* * * LOW HITPOINT WARNING * * *
You completely miss the orc priest.
The orc priest is lightly wounded.
The orc priest barely misses you.
The orc priest begins to cast a cantrip, but forgets the words!
Unknown command.
You slash the orc priest!
The orc priest is almost dead.
You block the orc priest's attack.
You closely miss the orc priest.
The orc priest is almost dead.
The orc priest calls down the wrath of Beogh upon you.
Beogh smites you!
You die...

####### #.........
#.........
#.........
##.........
#####.<........
#..@o..........
...#.###..........
......o...<.......
..[....)..........
.##.#.#.##.........
.. #. #......... #.
#h ########## # #.
#.


You could see an orc priest.

Vanquished Creatures
  A black bear (D:4)
  Crazy Yiuf (D:3)
  2 orc priests
  Jessica (D:3)
  2 orc wizards
  Robin (D:3)
  3 adders
  2 dart slugs
  3 ribbon worms
  11 orcs
  4 ball pythons
  6 bats
  11 endoplasms
  A giant cockroach (D:1)
  7 hobgoblins
  5 jackals
  A quokka (D:1)
  4 frilled lizards
  8 goblins
  7 kobolds
  4 rats
85 creatures vanquished.

Notes
Turn   | Place    | Note
-------+----------+-------------------------------------------
     0 | D:1      | Fairytaker the Gargoyle Fighter began the quest for the
                  | Orb.
     0 | D:1      | Reached XP level 1. HP: 14/14 MP: 1/1
   120 | D:1      | Reached XP level 2. HP: 13/19 MP: 2/2
   623 | D:1      | Found a faded altar of an unknown god.
   757 | D:2      | Reached XP level 3. HP: 23/23 MP: 3/3
  1364 | D:2      | Reached XP level 4. HP: 29/29 MP: 4/4
  1923 | D:3      | Paralysed by a goblin for 3 turns
  1971 | D:3      | Found a runed translucent door.
  1972 | D:3      | Noticed Crazy Yiuf
  2071 | D:3      | HP: 1/29 [Crazy Yiuf/+4 quarterstaff of chaos (6)]
  2073 | D:3      | Killed Crazy Yiuf
  2074 | D:3      | Reached XP level 5. HP: 2/33 MP: 2/5
  2249 | D:3      | Noticed Jessica
  2250 | D:3      | Found Amnygyow's One-of-a-Kind Rings.
  2262 | D:3      | Killed Jessica
  2551 | D:3      | Found a snail-covered altar of Cheibriados.
  2575 | D:3      | Reached XP level 6. HP: 36/38 MP: 6/6
  2701 | D:3      | Noticed Robin
  2709 | D:3      | Killed Robin
  2811 | D:3      | Found a glowing golden altar of the Shining One.
  2920 | D:4      | Noticed a black bear
  2951 | D:4      | Killed a black bear
  2956 | D:4      | Killed from afar by an orc priest

Illustrated notes

Levels and vault maps discovered:
D:1:      dpeg_arrival_erosion, layout_basic,
          dilly_ecumenical_altar_fadedgnrine, nicolae_eternal_life
D:2:      layout_loops_cross, serial_aquarium, aquarium_bridge_square
          [aquarium_subvault_bridge, aquarium_subvault_window,
          aquarium_subvault_bridge, aquarium_subvault_wall], aquarium_window_2,
          aquarium_window_1, aquarium_view_2g, aquarium_view_2c,
          aquarium_balcony_double_1, aquarium_pool_S, kennysheep_generic_room_10
D:3:      layout_rooms, tso_altar, amcnicky_altar_gilded,
          nicolae_shop_unique_rings, uniq_jessica, uniq_robin,
          uniq_crazy_yiuf_cottage
D:4:      layout_basic, grunt_dithmenos_smoke_and_mirrors,
          nicolae_overflow_crystal_walls, portal_sewer_entry_a, uniq_eustachio

Skill      XL: |  1  2  3  4  5  6 |
---------------+-------------------+-----
Axes           | 2 3 4 |  4.2
Fighting       | 4 |  4.6
Armour         | 4 |  4.6
Shields        | 4 |  4.6

Action                     |  1- 3 |  4- 6 || total
---------------------------+-------+-------++-------
  Melee: War axe           |   109 |   171 ||   280
    Use: Potion            |       |     1 ||     1
 Armour: Scale mail        |    82 |   162 ||   244
  Dodge: Dodged            |    51 |    88 ||   139
  Block: Buckler           |    10 |    42 ||    52
